 Dungeon Crawl Stone Soup version 0.29-a0-517-gbdf32494f2 (webtiles) character file.

Game seed: 13919279326877097201

21 dolemite99 the Skirmisher (level 2, 22/24 HPs)
             Began as a Demonspawn Fighter on May 30, 2022.
             Was a Follower of Sif Muna.
             Quit the game on level 1 of the Dungeon.
             The game lasted 00:00:47 (715 turns).

dolemite99 the Skirmisher (Demonspawn Fighter)       Turns: 715, Time: 00:00:48

Health: 22/24      AC:  6    Str: 16    XL:     2   Next: 62%
Magic:  2/2        EV:  8    Int:  9    God:    Sif Muna [*.....]
Gold:   50         SH:  4    Dex: 12    Spells: 1/1 levels left

rFire   . . .      SeeInvis .   a - +0 trident
rCold   . . .      Faith    .   c - +0 buckler
rNeg    . . .      Spirit   .   b - +0 scale mail
rPois   .          Reflect  .   (no helmet)
rElec   .          Harm     .   (no cloak)
rCorr   .          Rampage  .   (no gloves)
Will    .....                   (no boots)
Stlth   ..........              (no amulet)
HPRegen 0.08/turn               (no ring)
MPRegen 0.08/turn               (no ring)

@: no status effects
A: spiny 1
a: Renounce Religion, Channel Magic


You were on level 1 of the Dungeon.
You worshipped Sif Muna.
Sif Muna was aware of your devotion.
You visited 1 branch of the dungeon, and saw 1 of its levels.

You collected 50 gold pieces.

Inventory:

Hand Weapons
 a - a +0 trident (weapon)
 e - a +0 quarterstaff
Missiles
 f - 5 boomerangs (quivered)
Armour
 b - a +0 scale mail (worn)
 c - a +0 buckler (worn)
Scrolls
 g - a scroll of amnesia {unknown}
 i - a scroll of teleportation {unknown}
 j - a scroll of identify {unknown}
Potions
 d - 5 potions of might
 h - a potion of brilliance {unknown}


   Skills:
 - Level 3.0 Fighting
 + Level 3.0 Polearms
 - Level 2.6 Armour
 - Level 2.6 Shields


You had one spell level left.
You didn't know any spells.
Your spell library contained the following spells:

 Spells                   Type           Power      Damage    Failure   Level
 Magic Dart               Conj           0%         1d3       89%         1
 Sandblast                Erth           0%         2d4       89%         1
 Call Imp                 Summ           0%         N/A       96%         2
 Passwall                 Tmut/Erth      0%         N/A       96%         2
 Mephitic Cloud           Conj/Pois/Air  0%         N/A       99%         3
 Stone Arrow              Conj/Erth      0%         3d7       99%         3


Dungeon Overview and Level Annotations

Branches:
Dungeon (1/15)

Altars:
Sif Muna


Innate Abilities, Weirdness & Mutations

You are partially covered in sharp spines.


Message History

You reach to attack!
You closely miss the kobold. The kobold barely misses you.
You hit the kobold but do no damage. The kobold barely misses you.
You block the kobold's attack.
Things that are here:
a +0 short sword; a kobold corpse The kobold throws a stone.
The stone hits you but does no damage.
The kobold throws a stone.
The stone closely misses you.
You throw a boomerang.
The boomerang closely misses the kobold.
You barely miss the kobold. The kobold hits you with a +0 whip.
You hit the kobold.
The kobold is moderately wounded.
You block the kobold's attack.
You puncture the kobold!
You kill the kobold!
No target in view!
j - a scroll labelled OXZISE LUODGH
Things that are here:
a +0 whip; 5 stones You now have 50 gold pieces (gained 12).
There are no items here.
A quokka comes into view.
The quokka bites you but does no damage.
The quokka bites you.
You puncture the quokka!
You kill the quokka!
Your Polearms skill increases to level 3!
No target in view!
You open the door.
Found a faded altar of an unknown god.
There is an open door here.
There is a faded altar of an unknown god here.
You cannot tell which god this altar belongs to.
Convert to them anyway? [Y]es or [N]o only, please.
You cannot tell which god this altar belongs to.
Convert to them anyway?
Sif Muna accepts your prayer! Sif Muna welcomes you!
You can now call upon Sif Muna for magical energy.
Are you sure you want to abandon this character and quit the game? (Confirm with "yes".)

###### ....# ....#
#######...#
#8...8#...####
##.###.#P.....#
#@.#5#.'...##.#
##.###.#P..##.# #
#8...8#..###.#
#..#######...##.####
....................
##.##.....####.####
###.##..#######.##
.................#
....###.#######..#


You could see a shadow imp (petrified).

Vanquished Creatures
  2 ball pythons (D:1)
  An endoplasm (D:1)
  2 goblins (D:1)
  2 hobgoblins (D:1)
  3 quokkas (D:1)
  2 bats (D:1)
  4 frilled lizards (D:1)
  3 kobolds (D:1)
  A rat (D:1)
20 creatures vanquished.

Notes
Turn   | Place    | Note
-------+----------+-------------------------------------------
     0 | D:1      | dolemite99 the Demonspawn Fighter began the quest for the
                  | Orb.
     0 | D:1      | Reached XP level 1. HP: 18/18 MP: 1/1
   303 | D:1      | Gained mutation: You are partially covered in sharp spines.
                  | [demonic ancestry]
   303 | D:1      | Reached XP level 2. HP: 24/24 MP: 2/2
   705 | D:1      | Found a faded altar of an unknown god.
   714 | D:1      | Prayed at the altar of an unknown god.
   714 | D:1      | Became a worshipper of Sif Muna the Loreminder
   714 | D:1      | Reached * piety under Sif Muna
   715 | D:1      | Quit the game

Illustrated notes

Levels and vault maps discovered:
D:1:      co_arrival_square_in_a_square_in_a_square, layout_loops_ring,
          dreamdust_ecumenical_altar_sealed_demon

Skill      XL: |  1  2 |
---------------+-------+-----
Polearms       | 2 3 |  3.0
Fighting       | |  3.0
Armour         | |  2.6
Shields        | |  2.6

Action                   || total
-------------------------++-------
Melee: Trident           ||    34
Throw: Boomerang         ||    10
Armor: Scale mail        ||     7
Dodge: Dodged            ||    19
Block: Buckler           ||     4

Table legend: (Time is in decaauts)
 A = Elapsed time spent in this place.
 B = Non-inter-level travel time spent in this place.
 C = Inter-level travel time spent in this place.
 D = Time resting spent in this place.
 E = Time spent auto-exploring this place.
 F = Levels seen in this place.
 G = Mean time per level.
                   A        B        C        D        E       F      G
               +--------+--------+--------+--------+--------+-----+--------+
         Total |    726 |    726 |      0 |    105 |    444 |   1 |  726.0 |
       Dungeon |    726 |    726 |      0 |    105 |    444 |   1 |  726.0 |
               +--------+--------+--------+--------+--------+-----+--------+

Top non-repeatable levels by time:
     D:1: 726 daAuts
